 Dungeon Crawl Stone Soup version 0.20-a0-261-gcb1eca7 (webtiles) character file.

1770 Eucla the Carver (level 9, -5/63 HPs)
             Began as an Octopode Berserker on Dec 3, 2016.
             Was an Elder of Trog.
             Slain by an ogre
             ... wielding a +0 giant club
              (25 damage)
             ... on level 7 of the Dungeon.
             The game lasted 00:07:55 (4478 turns).

Eucla the Carver (Octopode Berserker)               Turns: 4478, Time: 00:07:56

Health: -5/63      AC:  1    Str: 16    XL:     9   Next: 7%
Magic:  9/9        EV: 17    Int:  9    God:    Trog [****..]
Gold:   363        SH:  0    Dex: 15    Spells: 8/8 levels left

rFire  + . .     SeeInvis .     y - +0 long sword
rCold  . . .     Gourm    .     (no shield)
rNeg   . . .     Faith    .     (helmet restricted)
rPois  .         Spirit   .     t - amulet of regeneration
rElec  .         Reflect  .     g - ring of protection from fire
rCorr  .         Harm     .     (no ring)
MR     .....                    (no ring)
Stlth  ++........               (no ring)
                                (no ring)
                                (no ring)
                                (no ring)
                                (no ring)

@: no status effects
A: almost no armour, stealthy swim, amphibious, 8 rings, constrict 8, camouflage
1, gelatinous body 1
a: Berserk, Trog's Hand, Brothers in Arms, Burn Spellbooks, Renounce Religion


You were on level 7 of the Dungeon.
You worshipped Trog.
Trog was greatly pleased with you.
You were not hungry.

You visited 1 branch of the dungeon, and saw 7 of its levels.
You also visited: Sewer.

You collected 363 gold pieces.

Inventory:

Hand Weapons
 a - a +0 falchion
 y - a +0 long sword (weapon)
Jewellery
 g - a ring of protection from fire (left tentacle)
 t - an amulet of regeneration (around mantle)
 E - an uncursed amulet of magic regeneration
Wands
 w - a wand of digging (22/24)
Scrolls
 c - 2 scrolls of identify
 f - 2 scrolls of fear
 k - 7 scrolls of recharging
 o - 2 scrolls of remove curse
 r - 3 scrolls of fog
 u - a scroll of teleportation
Potions
 i - 2 potions of haste {unknown}
 j - 6 potions of brilliance
 l - 5 potions of curing {unknown}
 n - 4 potions of lignification {unknown}
 p - a potion of berserk rage {unknown}
 s - a potion of heal wounds {unknown}
 v - a potion of agility {unknown}
 A - a potion of resistance {unknown}
 D - a potion of mutation {unknown}
Books
 e - a book of Maledictions

   Spells                             Type                      Level
   a - Corona                         Hexes                        1
   b - Ensorcelled Hibernation        Hexes/Ice                    2
   c - Confuse                        Hexes                        3
   d - Tukima's Dance                 Hexes                        3
   e - Dazzling Spray                 Conjuration/Hexes            3
   Trog disapproves of the use of such an item.
 B - a book of Necromancy (quivered)

   Spells                             Type                      Level
   a - Pain                           Necromancy                   1
   b - Animate Skeleton               Necromancy                   1
   c - Vampiric Draining              Necromancy                   3
   d - Regeneration                   Charms/Necromancy            3
   e - Animate Dead                   Necromancy                   4
   f - Control Undead                 Necromancy                   4
   Trog disapproves of the use of such an item.
Comestibles
 d - 6 meat rations
 z - 2 bread rations


   Skills:
 + Level 6.4 Fighting
 * Level 8.5 Long Blades
 + Level 6.5 Dodging


You had 8 spell levels left.
You didn't know any spells.

Dungeon Overview and Level Annotations

Branches:
Dungeon (7/15)             Temple (0/1) D:5

Altars:
Cheibriados
Dithmenos
Gozag
Nemelex Xobeh
Uskayaw
Xom
The Shining One

Shops:
D:6 %


Innate Abilities, Weirdness & Mutations

You cannot wear most types of armour.
You are very stealthy in the water. (Stealth+)
You are amphibious.
You can wear up to eight rings at the same time.
You can use your tentacles to constrict eight enemies at once.
Your skin changes colour to match your surroundings (Stealth+).
Your rubbery body absorbs attacks. (AC +1, EV +1)


Message History

Trog accepts your kill.
No target in view!
You start resting.
You feel sick. x4
You are no longer poisoned.
You see here a ring mail.
HP restored.
j - 6 potions of brilliance (gained 1)
Found 3 scrolls of noise.
An ogre comes into view. It is wielding a giant club.
The ogre shouts!
The ogre hits you with a giant club!!
You see here 2 grey potions.
You slash the ogre!
The ogre is moderately wounded.
The ogre hits you with a giant club!!
An ogre is nearby!
You slash the ogre!
The ogre is severely wounded.
The ogre hits you with a giant club!!
You die...

##'#### #############.#
#.....# #.# ###.....#
#.## .........###########
#...
#####>.......†.....##
#... ##.########.##..#
#... #.# .##.###.# #.##
#.# ####O#.# #.## #.# #.#
#?#.@#.###..######.##
#.####...#...............
#.#....######..#####...
##....## ##.# #...
#.#...# #.## #... ##...##
#..# #... #....###
###.####... # #..#.#.#
#.......... #. ###..#.#
#.#.#####..


You could see an ogre.

Vanquished Creatures
  Grinder (D:4)
  Edmund (D:4)
  Purgy (Sewer)
  A hornet zombie (D:7)
  An orc warrior (D:6)
  2 ogres
  4 scorpions
  A crimson imp (D:7)
  A bullfrog zombie (D:5)
  3 hounds
  3 jellies
  A bullfrog skeleton (D:7)
  4 orc priests
  2 orc wizards
  Natasha (D:4)
  4 worker ants
  6 gnolls
  5 adders
  A howler monkey skeleton (D:5)
  An ooze (D:4)
  An adder skeleton (D:4)
  4 worms
  4 leopard geckos
  20 orcs
  9 giant cockroaches
  11 goblins
  7 hobgoblins
  9 jackals
  5 quokkas
  3 ball pythons
  7 bats
  10 frilled lizards
  10 kobolds
  11 rats
155 creatures vanquished.

Notes
Turn   | Place    | Note
-------+----------+-------------------------------------------
     0 | D:1      | Eucla the Octopode Berserker began the quest for the Orb.
     0 | D:1      | Reached XP level 1. HP: 16/16 MP: 1/1
    82 | D:1      | Reached XP level 2. HP: 14/21 MP: 2/2
   821 | D:1      | Reached XP level 3. HP: 24/26 MP: 3/3
  1173 | D:2      | Found a hide-covered altar of Uskayaw.
  1174 | D:2      | Noticed a dagger
  1174 | D:2      | Noticed a hand axe
  1202 | D:2      | Reached ** piety under Trog
  1542 | D:3      | Reached XP level 4. HP: 14/32 MP: 4/4
  1555 | D:3      | Found a shadowy altar of Dithmenos.
  1580 | D:3      | HP: 1/33 [gnoll/halberd (15)]
  1677 | D:3      | HP: 1/33 [kobold/short sword (4)]
  1688 | D:3      | Found a shimmering altar of Xom.
  1786 | D:3      | Reached skill level 4 in Long Blades
  2185 | D:3      | Reached XP level 5. HP: 32/37 MP: 5/5
  2284 | D:4      | Noticed an ogre
  2290 | D:4      | Reached XP level 6. HP: 38/43 MP: 6/6
  2295 | D:4      | Reached skill level 5 in Long Blades
  2396 | D:4      | Reached *** piety under Trog
  2469 | D:4      | Noticed Natasha
  2474 | D:4      | Killed Natasha
  2474 | D:4      | Reached XP level 7. HP: 44/49 MP: 7/7
  2504 | D:4      | Noticed Edmund
  2510 | D:4      | Killed Edmund
  2510 | D:4      | Reached skill level 6 in Long Blades
  2510 | D:4      | Reached skill level 5 in Dodging
  2560 | D:4      | Noticed Grinder
  2570 | D:4      | Killed Grinder
  2570 | D:4      | Reached skill level 5 in Fighting
  2890 | D:5      | Entered Level 5 of the Dungeon
  2939 | D:5      | Reached XP level 8. HP: 43/55 MP: 8/8
  3184 | D:5      | Found a staircase to the Ecumenical Temple.
  3191 | D:5      | Reached skill level 7 in Long Blades
  3379 | D:5      | Found a glowing drain.
  3407 | Sewer    | Entered a sewer
  3435 | Sewer    | Noticed Purgy
  3441 | Sewer    | Killed Purgy
  3688 | D:6      | Found a glowing golden altar of the Shining One.
  3819 | D:6      | Found a sparkling altar of Nemelex Xobeh.
  3905 | D:6      | Found Zorefa's Food Shoppe.
  3924 | D:6      | Reached **** piety under Trog
  4018 | D:6      | Found an opulent altar of Gozag.
  4225 | D:7      | Found a snail-covered altar of Cheibriados.
  4279 | D:7      | Reached skill level 8 in Long Blades
  4347 | D:7      | Reached XP level 9. HP: 60/62 MP: 9/9
  4478 | D:7      | Slain by an ogre

Vault maps used:
D:1:      dpeg_arrival_ratfight
D:2:      dancing_weapons_uskayaw
D:3:      grunt_dithmenos_smoke_and_mirrors, lemuel_doored_altar
D:4:      serial_glass, glass_columns_b, glass_columns_c, glass_columns_a,
          glass_columns_a, glass_columns_c, glass_columns_b, minmay_vboxes,
          uniq_natasha, uniq_edmund, uniq_grinder
D:5:      first_bread, gup_sewer_entry_pipe, minmay_misc_feat_rugged
D:6:      marbit_many_paths, kennysheep_mini_moat,
          nicolae_overflow_hidden_temple, serial_shops, shop
D:7:      wad_crossroads, lemuel_crystal_altar
Sewer:    kennysheep_door_sewer

Skill      XL: |  1  2  3  4  5  6  7  8 |
---------------+-------------------------+-----
Long Blades    | 4 5 6 8 |  8.5
Fighting       | 4 5 6 |  6.4
Dodging        | 4 5 6 |  6.5

Action                   |  1- 3 |  4- 6 |  7- 9 || total
-------------------------+-------+-------+-------++-------
Melee: Falchion          |    83 |    68 |       ||   151
       Constrict         |    26 |    24 |    41 ||    91
       Tentacles         |    11 |    20 |    40 ||    71
       Long sword        |       |    11 |   135 ||   146
Invok: Berserk           |       |     3 |     3 ||     6
       Trog's Hand       |       |     1 |     1 ||     2
  Use: Scroll            |       |       |    13 ||    13
 Stab: Sleeping          |    13 |     5 |    11 ||    29
       Distracted        |     1 |       |       ||     1
  Eat: Chunk             |     1 |     7 |     1 ||     9
       Fruit             |     1 |       |       ||     1
       Pizza             |       |       |     3 ||     3
       Bread ration      |       |       |     1 ||     1
Armor: Skin              |     4 |     1 |     6 ||    11
Dodge: Dodged            |    50 |    53 |    85 ||   188
       Rpst.: Falchion   |    12 |    17 |       ||    29
       Long sword        |       |     3 |    35 ||    38
